[Event "Titled Tuesday Blitz December 20 Early 2022"]
[White "Ibarra Jerez, Jose Carlos"]
[Black "Zahid, Sanatan"]
[WhiteFideId "2226332"]
[BlackFideId "10201963"]
[WhiteElo "2563"]
[BlackElo "1930"]
[Result "0-1"]
[Round "03"]
[TimeControl "180+2"]
[Date "2022.12.20"]
[WhiteClock "0:00:12"]
[BlackClock "0:00:24"]

1. e4 e6 2. d4 d5 3. Nc3 Nf6 4. Bg5 Be7 5. e5 Nfd7 6. Bxe7 Qxe7 7. Qg4 O-O 8. Bd3 f6 9. exf6 Nxf6 10. Qh4 Nc6 11. O-O-O h6 12. Nf3 Bd7 13. Rhe1 a6 14. g4 Nh7 15. Qg3 Ng5 16. Nxd5 Qd6 17. Nxg5 exd5 18. Ne6 Bxe6 19. Qxd6 cxd6 20. Rxe6 Rad8 21. Bg6 Rxf2 22. h4 Rf6 23. Rxf6 gxf6 24. c3 Kg7 25. h5 Rd7 26. Re1 Re7 27. Rf1 Re2 28. Bc2 Rg2 29. Bd1 Nd8 30. Bf3 Rg3 31. Kd2 b5 32. Ke2 Rh3 33. Bxd5 Nf7 34. Rh1 Rg3 35. Be6 Ng5 36. Bc8 Rg2+ 37. Kd3 a5 38. Re1 Rxb2 39. a3 Rb3 40. Re7+ Kf8 41. Rb7 d5 42. Bd7 Ne4 43. Rxb5 Rxc3+ 44. Ke2 Rxa3 45. Rb7 Nd6 46. Ra7 Ne4 47. Be6 Ke8 48. Kd1 Rd3+ 49. Kc2 Rxd4 50. Rxa5 Ke7 51. Bf5 Nf2 52. Ra7+ Kd6 53. Rh7 Nxg4 54. Rh8 Ne3+ 55. Kc3 Nxf5 56. Rf8 Ke5 57. Re8+ Kf4 58. Rf8 Rc4+ 59. Kd3 Rc6 60. Rh8 Kg5 61. Rd8 d4 62. Ke4 Re6+ 63. Kd3 Re3+ 64. Kd2 Kxh5 65. Rg8 Rg3 66. Rf8 Kg5 67. Ke2 d3+ 68. Kd2 h5 69. Rg8+ Kf4 70. Rd8 h4 71. Rh8 h3 72. Kc3 Kf3 73. Rh5 Kg2 0-1


[Site "https://www.chess.com"]

[Event "Titled Tuesday Blitz December 20 Early 2022"]
[White "Ilia_Jude"]
[Black "Etoilegeniale"]
[WhiteElo "2372"]
[BlackElo "2593"]
[Result "0-1"]
[Round "03"]
[TimeControl "180+2"]
[Date "2022.12.20"]
[WhiteClock "0:00:01"]
[BlackClock "0:00:41"]

1. e4 d6 2. d4 g6 3. Nc3 Bg7 4. Nf3 a6 5. a4 Nd7 6. Bc4 e6 7. O-O Ne7 8. Be3 O-O 9. Ne2 b6 10. c3 Bb7 11. Bd3 c5 12. Ng3 Qc7 13. h4 f5 14. exf5 gxf5 15. Ng5 Qc6 16. N3e4 d5 17. Ng3 h6 18. Nh3 e5 19. dxe5 d4 20. Bc4+ Kh8 21. Nf4 dxe3 22. Qh5 Nxe5 0-1


[Site "https://www.chess.com"]

[Event "Titled Tuesday Blitz December 20 Early 2022"]
[White "Imperial, Genghis"]
[Black "googlegoom"]
[WhiteFideId "5230403"]
[WhiteElo "1812"]
[BlackElo "2581"]
[Result "0-1"]
[Round "03"]
[TimeControl "180+2"]
[Date "2022.12.20"]
[WhiteClock "0:00:12"]
[BlackClock "0:00:12"]

1. e4 c5 2. Nf3 Nc6 3. d4 cxd4 4. Nxd4 Qb6 5. Nb3 Nf6 6. Nc3 e6 7. a3 d6 8. Be3 Qc7 9. f4 a6 10. g4 b5 11. g5 Nd7 12. Qe2 Bb7 13. O-O-O Nc5 14. Nxc5 dxc5 15. Bh3 b4 16. axb4 cxb4 17. Nd5 exd5 18. exd5 Be7 19. d6 Bxd6 20. Rxd6 O-O 21. Rhd1 Rad8 22. Rd7 Qa5 23. Kb1 Rxd7 24. Rxd7 Bc8 25. Qc4 Bxd7 26. Bxd7 Nb8 27. Bg4 Qb5 28. Qxb5 axb5 29. Bc5 Rd8 30. Be2 Rd2 31. Bxb5 Rd5 32. Bxb4 Rxb5 33. Bd6 Nd7 34. c4 Rb6 35. Ba3 h6 36. h4 hxg5 37. hxg5 f6 38. g6 f5 39. b4 Rxg6 40. b5 Kf7 41. c5 Ke6 42. c6 Nb6 43. Bc5 Nc8 44. b6 Nxb6 45. Bxb6 Kd6 46. c7 Kd7 47. Bd4 Rg4 48. Be5 g6 49. Kc2 Rg3 50. Kd2 Rb3 51. Ke2 Rb5 52. Bf6 Kxc7 53. Kf3 Kd7 54. Kg3 Ke6 55. Bd4 Kf7 56. Kh4 Rd5 57. Bc3 Rd3 58. Be5 Rf3 59. Bd6 Re3 60. Bc7 Re2 61. Bb8 Rg2 62. Bc7 Rg4+ 63. Kh3 Ke6 64. Bb8 Kd5 65. Bc7 Ke4 66. Bd6 Rxf4 0-1


[Site "https://www.chess.com"]

[Event "Titled Tuesday Blitz December 20 Early 2022"]
[White "InitiatingASC"]
[Black "Herrera Figueroa, Amado Ama"]
[BlackFideId "5137470"]
[WhiteElo "2412"]
[BlackElo "1496"]
[Result "1-0"]
[Round "03"]
[TimeControl "180+2"]
[Date "2022.12.20"]
[WhiteClock "0:00:06"]
[BlackClock "0:00:01"]

1. Nf3 Nf6 2. g3 b6 3. Bg2 Bb7 4. O-O c5 5. c4 e6 6. b3 Be7 7. Bb2 O-O 8. d4 cxd4 9. Nxd4 Bxg2 10. Kxg2 Qc7 11. Nd2 Qb7+ 12. f3 a6 13. e4 d6 14. Qe2 Nc6 15. Rfd1 Nxd4 16. Bxd4 b5 17. Rac1 Rac8 18. Nf1 bxc4 19. Rxc4 Rxc4 20. Qxc4 Rc8 21. Qe2 Nd7 22. Qb2 Bf8 23. Rc1 d5 24. exd5 Rxc1 25. Qxc1 Qxd5 26. Bf2 Ne5 27. Qc3 h6 28. Nd2 a5 29. Qd4 Nc6 30. Qxd5 exd5 31. Bb6 Bb4 32. Nb1 Kf8 33. Kf2 Ke7 34. Ke2 Kd6 35. a3 Bc5 36. Bxc5+ Kxc5 37. Kd3 Ne5+ 38. Ke3 f5 39. Kf4 Kd4 40. Kxf5 Nxf3 41. h4 Kd3 42. b4 Kc2 43. bxa5 Kxb1 44. a6 Nd4+ 45. Ke5 Nb5 46. Kxd5 Kc2 47. Kc6 Na7+ 48. Kb6 Nc8+ 49. Kb7 Nd6+ 50. Kc6 Nc8 51. a4 Kb3 52. Kc7 Na7 53. Kb8 Nc6+ 54. Kb7 Na5+ 55. Kc7 1-0


[Site "https://www.chess.com"]

[Event "Titled Tuesday Blitz December 20 Early 2022"]
[White "IronicSteal05"]
[Black "Slovak_fighter2000"]
[WhiteElo "2245"]
[BlackElo "2466"]
[Result "1/2-1/2"]
[Round "03"]
[TimeControl "180+2"]
[Date "2022.12.20"]
[WhiteClock "0:00:50"]
[BlackClock "0:00:02"]

1. d4 Nf6 2. Bg5 d5 3. e3 c5 4. c3 e6 5. Nf3 Nc6 6. Nbd2 Be7 7. Bd3 O-O 8. O-O b6 9. Ne5 Nxe5 10. dxe5 Nd7 11. Bxe7 Qxe7 12. f4 f6 13. exf6 Qxf6 14. Qh5 g6 15. Qe2 e5 16. fxe5 Qxe5 17. e4 Bb7 18. exd5 Bxd5 19. Rae1 Qxe2 20. Bxe2 Rae8 21. a3 Rxf1+ 22. Kxf1 Nf6 23. Nf3 Ng4 24. h3 Bxf3 25. Bxf3 Rxe1+ 26. Kxe1 Nf6 27. b4 Kf7 28. Kd2 Ke6 29. Kd3 Kd6 30. Kc4 Nd7 31. Kb5 Kc7 32. Ka6 cxb4 33. axb4 Kb8 34. c4 Ne5 35. Bd5 Nd3 36. Kb5 Kc7 37. c5 bxc5 38. bxc5 Nf4 39. Bf3 Ne6 40. Kc4 a5 41. Kd5 Nd8 42. Bd1 Nc6 43. Ba4 Nb4+ 44. Kc4 h6 45. Kd4 g5 46. Ke5 Nd3+ 47. Kd4 Nf4 48. g3 Nxh3 49. Ke3 h5 50. Kf3 h4 51. Kg2 g4 52. gxh4 Nf4+ 53. Kg3 Nd3 54. c6 Nc5 55. Bb5 a4 56. Bxa4 Nxa4 57. Kxg4 Kxc6 58. Kf5 Nb6 59. Kf6 Nd5+ 60. Kg7 Nf4 61. h5 Nxh5+ 1/2-1/2


[Site "https://www.chess.com"]

[Event "Titled Tuesday Blitz December 20 Early 2022"]
[White "Ivan11Martic"]
[Black "RianKapriaga"]
[WhiteElo "2528"]
[BlackElo "2327"]
[Result "1-0"]
[Round "03"]
[TimeControl "180+2"]
[Date "2022.12.20"]
[WhiteClock "0:00:26"]
[BlackClock "0:00:01"]

1. Nf3 d5 2. g3 Nf6 3. Bg2 Bf5 4. O-O e6 5. c4 Be7 6. Qb3 Na6 7. Qxb7 Nb4 8. Na3 O-O 9. d3 Bc5 10. Qb5 Qe7 11. d4 Bd6 12. c5 Rfb8 13. cxd6 cxd6 14. Qa4 e5 15. Bd2 a5 16. dxe5 dxe5 17. Rfc1 h6 18. Qd1 Ne4 19. Be1 d4 20. Nc4 f6 21. Nh4 Bh7 22. Bh3 Ng5 23. Bg2 Ra7 24. Nxa5 Rxa5 25. a3 Rab5 26. Bxb4 Qf7 27. Nf3 Kh8 28. Nxg5 hxg5 29. Rc6 R5b6 30. Rac1 Rxc6 31. Rxc6 Bf5 32. Qc1 Rd8 33. Rc7 Qg6 34. Qc5 Qh5 35. Bf3 Qg6 36. Qe7 Rg8 37. Qf7 Qh7 38. Bd5 e4 39. Qxg8+ Qxg8 40. Bxg8 Kxg8 41. Bc5 d3 42. exd3 exd3 43. Be3 Kf8 44. Bd2 Be4 45. a4 Kg8 46. a5 Kh7 47. a6 Kg6 48. a7 1-0


[Site "https://www.chess.com"]

[Event "Titled Tuesday Blitz December 20 Early 2022"]
[White "Jannat Makan, Ali Reza"]
[Black "ChessTankMan"]
[WhiteFideId "22583556"]
[WhiteElo "1621"]
[BlackElo "2514"]
[Result "0-1"]
[Round "03"]
[TimeControl "180+2"]
[Date "2022.12.20"]
[WhiteClock "0:01:26"]
[BlackClock "0:01:58"]

1. e4 c5 2. Nf3 e6 3. d4 cxd4 4. Nxd4 a6 5. c4 Nf6 6. Nc3 Qc7 7. a3 b6 8. Be3 Bb7 9. f3 d6 10. Be2 Nbd7 11. O-O Be7 12. Rc1 O-O 13. Kh1 Rac8 14. b4 Rfe8 15. Nb3 Qb8 16. Na4 d5 17. cxd5 exd5 18. Bxb6 Nxb6 19. Nxb6 Rxc1 20. Qxc1 dxe4 21. fxe4 Bxe4 22. Nc4 Bf8 23. Bf3 Bxf3 24. Rxf3 Ng4 25. Qg1 Re1 0-1


[Site "https://www.chess.com"]

[Event "Titled Tuesday Blitz December 20 Early 2022"]
[White "Jasko, Pavel"]
[Black "frequentblunders"]
[WhiteFideId "980463"]
[WhiteElo "1693"]
[BlackElo "2156"]
[Result "1-0"]
[Round "03"]
[TimeControl "180+2"]
[Date "2022.12.20"]
[WhiteClock "0:01:19"]
[BlackClock "0:01:01"]

1. e4 e6 2. d4 c5 3. d5 Nf6 4. Nc3 d6 5. Nf3 exd5 6. exd5 g6 7. Bf4 Nh5 8. Bg5 Be7 9. Bh6 Nd7 10. Bd3 Ne5 11. Nxe5 dxe5 12. O-O f5 13. Re1 Bd6 14. f4 e4 15. Bxe4 fxe4 16. Nxe4 Kd7 17. f5 Kc7 18. Bg5 Qd7 19. g4 Nf4 20. Nxd6 Qxd6 21. Qf3 Nxd5 22. Rad1 gxf5 23. Rxd5 fxg4 24. Qf7+ 1-0


[Site "https://www.chess.com"]

[Event "Titled Tuesday Blitz December 20 Early 2022"]
[White "Jenkins, Drake"]
[Black "Tologon tegin, Semetei"]
[WhiteFideId "2022397"]
[BlackFideId "13800574"]
[WhiteElo "2130"]
[BlackElo "2372"]
[Result "0-1"]
[Round "03"]
[TimeControl "180+2"]
[Date "2022.12.20"]
[WhiteClock "0:00:02"]
[BlackClock "0:01:37"]

1. Nf3 Nf6 2. c4 e6 3. g3 b6 4. Bg2 Bb7 5. O-O c5 6. Nc3 Nc6 7. d4 Nxd4 8. Nxd4 Bxg2 9. Nxe6 dxe6 10. Kxg2 Qc7 11. Bf4 Qc6+ 12. Kg1 Be7 13. Qa4 Qxa4 14. Nxa4 O-O-O 15. Nc3 a6 16. Rad1 Nh5 17. Bc1 f5 18. f3 Bf6 19. Na4 b5 20. cxb5 axb5 21. Nxc5 Bd4+ 22. Kg2 Bxc5 23. Rxd8+ Rxd8 24. Bg5 Rd5 25. h4 Nf6 26. Rc1 Kb7 27. Rc2 Bb6 28. Bxf6 gxf6 29. e4 fxe4 30. fxe4 Rd4 31. Kf3 Bc7 32. h5 Rd3+ 33. Kg4 Rxg3+ 34. Kh4 Re3 35. Rg2 Rxe4+ 36. Kh3 Re5 37. Kh4 Re4+ 38. Kh3 Re1 0-1


[Site "https://www.chess.com"]

[Event "Titled Tuesday Blitz December 20 Early 2022"]
[White "Karjakin, Sergey"]
[Black "Jabborov, Sanjar"]
[WhiteFideId "14109603"]
[BlackFideId "14219263"]
[WhiteElo "2747"]
[BlackElo "1449"]
[Result "1-0"]
[Round "03"]
[TimeControl "180+2"]
[Date "2022.12.20"]
[WhiteClock "0:00:23"]
[BlackClock "0:00:07"]

1. d4 Nf6 2. c4 g6 3. Nc3 Bg7 4. e4 d6 5. Nf3 O-O 6. Be2 e5 7. O-O Nc6 8. d5 Ne7 9. b4 Nh5 10. g3 f5 11. Ng5 Nf6 12. Bf3 f4 13. c5 a5 14. Ba3 h6 15. Ne6 Bxe6 16. dxe6 dxc5 17. bxc5 c6 18. Rb1 Qc8 19. Qb3 g5 20. Rfd1 g4 21. Be2 a4 22. Qxb7 Qxe6 23. Rd6 Qf7 24. Qb4 fxg3 25. hxg3 Ne8 26. Rf1 Kh8 27. Bc4 Qh5 28. Rd7 Ng6 29. Ne2 Nf6 30. Rxg7 Kxg7 31. Be6 Rae8 32. Qc4 Nxe4 33. Qxe4 Rxe6 34. Bb2 Ref6 35. Qxa4 Qh3 36. Qe4 Re8 37. Rd1 Re7 38. Rd6 Rxd6 39. cxd6 Rf7 40. Bxe5+ Kh7 41. Nf4 Rxf4 42. Bxf4 1-0


[Site "https://www.chess.com"]

[Event "Titled Tuesday Blitz December 20 Early 2022"]
[White "KarstenHansch"]
[Black "Borges Matos, Juan"]
[BlackFideId "3500160"]
[WhiteElo "2520"]
[BlackElo "2409"]
[Result "1-0"]
[Round "03"]
[TimeControl "180+2"]
[Date "2022.12.20"]
[WhiteClock "0:01:31"]
[BlackClock "0:01:01"]

1. e4 e6 2. d4 d5 3. Nc3 Nf6 4. e5 Nfd7 5. f4 c5 6. Nf3 Nc6 7. Be3 cxd4 8. Nxd4 Bc5 9. Qd2 O-O 10. O-O-O a6 11. g4 Bxd4 12. Bxd4 b5 13. h4 b4 14. Ne2 a5 15. h5 Ba6 16. g5 Qc7 17. g6 Rac8 18. h6 fxg6 19. hxg7 Kxg7 20. f5 h5 21. f6+ Kf7 22. Qh6 Bxe2 23. Bxe2 Nxd4 24. Qg7+ 1-0


[Site "https://www.chess.com"]

[Event "Titled Tuesday Blitz December 20 Early 2022"]
[White "Karttunen, Mika"]
[Black "Baki, Peter"]
[WhiteFideId "502081"]
[BlackFideId "718459"]
[WhiteElo "2490"]
[BlackElo "2100"]
[Result "1-0"]
[Round "03"]
[TimeControl "180+2"]
[Date "2022.12.20"]
[WhiteClock "0:00:16"]
[BlackClock "0:00:12"]

1. d4 Nf6 2. c4 g6 3. f3 d5 4. cxd5 Nxd5 5. e4 Nb6 6. Nc3 Bg7 7. Be3 O-O 8. Qd2 Nc6 9. O-O-O f5 10. e5 Nb4 11. Nh3 Kh8 12. Nf4 a5 13. h4 Kg8 14. Kb1 c6 15. Be2 N4d5 16. Ncxd5 Nxd5 17. Bc4 b5 18. Bxd5+ cxd5 19. h5 g5 20. h6 Bh8 21. Nd3 f4 22. Bf2 Bf5 23. Ka1 b4 24. Nc5 Rc8 25. Rdg1 Rxc5 26. dxc5 Bxe5 27. Bd4 Qc7 28. Re1 Bxd4 29. Qxd4 e6 30. Rc1 a4 31. Rhe1 b3 32. a3 Qe7 33. c6 Rc8 34. Qxd5 Kf7 35. Qe5 Kg6 36. c7 Qd7 37. Red1 Qe7 38. Qd6 Qxd6 39. Rxd6 Bc2 40. Rxe6+ Kf7 41. Rc6 Ke7 42. Re1+ Kd7 43. Rc3 Kd6 44. Re2 Bg6 45. Rd2+ Ke7 46. Rd5 Kf6 47. Rd8 Bf5 48. Rc6+ Ke7 49. Rxc8 Bxc8 50. Rc5 Kf6 51. Kb1 1-0


[Site "https://www.chess.com"]

[Event "Titled Tuesday Blitz December 20 Early 2022"]
[White "Kazgildy, Fariza"]
[Black "Witek, Tomasz"]
[WhiteFideId "13724860"]
[BlackFideId "1130056"]
[WhiteElo "1189"]
[BlackElo "2000"]
[Result "1-0"]
[Round "03"]
[TimeControl "180+2"]
[Date "2022.12.20"]
[WhiteClock "0:00:22"]
[BlackClock "0:00:02"]

1. e4 c6 2. d4 d5 3. Nc3 dxe4 4. Nxe4 Bf5 5. Ng3 Bg6 6. Nf3 e6 7. h4 h6 8. Bd3 Bxd3 9. Qxd3 Nf6 10. Bf4 Bd6 11. Ne5 Qa5+ 12. Bd2 Qc7 13. f4 O-O 14. Ne4 Nxe4 15. Qxe4 c5 16. Bc3 cxd4 17. Qxd4 Bxe5 18. Qxe5 Qxe5+ 19. fxe5 Nc6 20. O-O-O Rfd8 21. g4 Ne7 22. Rd6 Rxd6 23. exd6 Nd5 24. Bd4 b5 25. g5 h5 26. Kd2 f6 27. gxf6 gxf6 28. Rh3 Kf7 29. Ra3 a6 30. Rg3 e5 31. Bc5 b4 32. Kd3 Ke6 33. Rg7 Rc8 34. Kc4 a5 35. Kb5 a4 36. b3 a3 37. d7 Rd8 38. Bxb4 Rxd7 39. Rxd7 Kxd7 40. Bxa3 f5 41. Kc5 Ke6 42. Bc1 f4 43. Bd2 f3 44. Be1 Nf4 45. a4 Ne2 46. a5 e4 47. Bf2 Kd7 48. Kd5 Nc3+ 49. Kd4 Nd1 50. Kxe4 Nxf2+ 51. Kxf3 Nd1 52. Kf4 Kc6 53. Kg5 Ne3 54. c4 Nc2 55. Kxh5 Kc5 56. Kg5 Nd4 57. h5 Nxb3 58. h6 Nd4 59. h7 1-0


[Site "https://www.chess.com"]

[Event "Titled Tuesday Blitz December 20 Early 2022"]
[White "Khudoly, Kostya"]
[Black "Willi_Skibbe"]
[WhiteFideId "14111454"]
[WhiteElo "2262"]
[BlackElo "2346"]
[Result "1-0"]
[Round "03"]
[TimeControl "180+2"]
[Date "2022.12.20"]
[WhiteClock "0:00:18"]
[BlackClock "0:01:44"]

1. e4 e5 2. Nf3 Nc6 3. Bc4 Bc5 4. c3 Nf6 5. d4 exd4 6. b4 Bb6 7. e5 d5 8. exf6 dxc4 9. Qe2+ Be6 10. b5 Na5 11. fxg7 Rg8 12. Nxd4 Bxd4 13. cxd4 Qxd4 14. Bb2 Qd5 15. O-O Qxb5 16. Nc3 Qc6 17. Ne4 O-O-O 18. Bf6 Rde8 19. Qf3 Bd5 20. Qg4+ Qd7 21. Qxd7+ Kxd7 22. Ng3 b6 23. Rfd1 c6 24. Re1 Re6 25. Nh5 Nb7 26. g4 Bf3 27. h3 Nd6 28. Rxe6 fxe6 29. Re1 Be4 30. Ba1 Ne8 31. Rxe4 b5 32. f4 Kd6 33. f5 exf5 34. gxf5 Kd5 35. Rxe8 Rxe8 36. Nf6+ 1-0


[Site "https://www.chess.com"]

[Event "Titled Tuesday Blitz December 20 Early 2022"]
[White "Kopylov_Alex"]
[Black "GiorgianBarbosa"]
[WhiteElo "2790"]
[BlackElo "2484"]
[Result "1-0"]
[Round "03"]
[TimeControl "180+2"]
[Date "2022.12.20"]
[WhiteClock "0:01:17"]
[BlackClock "0:00:04"]

1. e4 c5 2. Nf3 g6 3. h4 Bg7 4. h5 Nc6 5. d3 d6 6. h6 Bf6 7. Nc3 e6 8. g3 Nge7 9. Bg2 O-O 10. Bg5 Bxg5 11. Nxg5 d5 12. O-O d4 13. Ne2 e5 14. f4 f6 15. Nf3 Bg4 16. c3 Kh8 17. cxd4 Bxf3 18. Bxf3 Nxd4 19. Nc3 Qd6 20. Qd2 b5 21. Bg2 b4 22. Nd1 Nec6 23. Ne3 Rad8 24. Rf2 Ne6 25. Raf1 exf4 26. gxf4 Qxd3 27. Qc1 Ncd4 28. Re1 g5 29. Nd5 gxf4 30. Nxf4 Rg8 31. Nxe6 Nxe6 32. Rxf6 Rxg2+ 33. Kxg2 Rg8+ 34. Kf2 Nd4 35. Qe3 Qc2+ 36. Re2 Nxe2 37. Qb3 Qxb3 38. axb3 Nd4 39. e5 Nxb3 40. Ke3 Re8 41. Ke4 c4 42. Rc6 c3 43. bxc3 bxc3 44. Rxc3 Nd2+ 45. Kd5 Nf1 46. e6 Nh2 47. Kd6 Ng4 48. Kd7 Rg8 49. e7 Nf6+ 50. Ke6 Ne8 51. Rc8 a5 52. Rd8 Rg6+ 53. Kf7 Rg8 54. Rxe8 Rxe8 55. Kxe8 a4 56. Kf7 a3 57. e8=Q# 1-0


[Site "https://www.chess.com"]

[Event "Titled Tuesday Blitz December 20 Early 2022"]
[White "Korchmar_Vasiliy"]
[Black "Mitrabha, Guha"]
[BlackFideId "5057000"]
[WhiteElo "2703"]
[BlackElo "2507"]
[Result "0-1"]
[Round "03"]
[TimeControl "180+2"]
[Date "2022.12.20"]
[WhiteClock "0:00:09"]
[BlackClock "0:01:24"]

1. e4 c6 2. d4 d5 3. e5 Bf5 4. c4 e6 5. Nc3 Bb4 6. cxd5 cxd5 7. h4 h6 8. g4 Bh7 9. Bd3 Bxd3 10. Qxd3 Nc6 11. Ne2 Nge7 12. h5 Rc8 13. O-O Qb6 14. Be3 Bxc3 15. Nxc3 O-O 16. Nb5 Nb4 17. Qb3 Qxb5 18. a3 Rc4 19. axb4 Rxb4 20. Qa3 Nc6 21. Rfc1 Nxd4 22. Rc7 Nb3 23. Rd1 Rxg4+ 24. Kh2 d4 25. Kh3 Qe2 26. Kh2 Qxd1 0-1


[Site "https://www.chess.com"]

[Event "Titled Tuesday Blitz December 20 Early 2022"]
[White "KubaGepard"]
[Black "Kotofeyca"]
[WhiteElo "2594"]
[BlackElo "2372"]
[Result "1-0"]
[Round "03"]
[TimeControl "180+2"]
[Date "2022.12.20"]
[WhiteClock "0:00:19"]
[BlackClock "0:00:08"]

1. d4 d5 2. Nf3 c6 3. g3 Bg4 4. Bg2 Nd7 5. O-O e6 6. Nbd2 f5 7. e3 Bd6 8. b3 Ngf6 9. a4 Qe7 10. c4 Ne4 11. Qc2 O-O 12. c5 Bc7 13. b4 a6 14. Nb3 e5 15. Nxe5 Nxe5 16. dxe5 Bxe5 17. Bb2 Bxb2 18. Qxb2 Bh5 19. Qd4 Be2 20. Rfe1 Bh5 21. Rab1 g5 22. f3 Nf6 23. Rb2 Nd7 24. e4 fxe4 25. fxe4 Nf6 26. e5 Rae8 27. Rd2 Nd7 28. Bxd5+ cxd5 29. Qxd5+ Bf7 30. Qxb7 Bxb3 31. Rxd7 Bd5 32. Qc7 Rc8 33. Rxe7 Rxc7 34. Rxc7 Re8 35. b5 Re6 36. b6 g4 37. b7 Re8 38. Rc8 Bxb7 39. Rxe8+ Kf7 40. Rb8 Bd5 41. Rd1 Ke6 42. Rxd5 Kxd5 43. Rh8 Kxe5 44. Rxh7 Kd5 45. Rh4 a5 46. Rxg4 Kxc5 47. h4 Kd5 48. h5 Ke5 49. h6 Kf5 50. Rh4 1-0


[Site "https://www.chess.com"]

[Event "Titled Tuesday Blitz December 20 Early 2022"]
[White "Kukku, Ramesh"]
[Black "Ezat, Mohamed"]
[WhiteFideId "25695606"]
[BlackFideId "10600906"]
[WhiteElo "1575"]
[BlackElo "2402"]
[Result "1-0"]
[Round "03"]
[TimeControl "180+2"]
[Date "2022.12.20"]
[WhiteClock "0:00:47"]
[BlackClock "0:00:04"]

1. Nc3 d5 2. f4 g6 3. Nf3 Bg7 4. d3 Nf6 5. e4 dxe4 6. Nxe4 Nxe4 7. dxe4 Qxd1+ 8. Kxd1 O-O 9. c3 Nd7 10. Be3 Nf6 11. Bd3 b6 12. e5 Nd5 13. Bd2 Bb7 14. Kc2 Rad8 15. Rad1 Bh6 16. Ng5 c5 17. Rhf1 Nc7 18. Be4 Ba6 19. Rfe1 Bxg5 20. fxg5 Ne6 21. Be3 Kg7 22. Bd5 Nc7 23. Be4 Bc4 24. b3 Bd5 25. Bxd5 Nxd5 26. Bc1 e6 27. h4 Rd7 28. h5 Rfd8 29. hxg6 Kxg6 30. Rh1 Kf5 31. Rde1 Kg6 32. Rh6+ Kg7 33. Reh1 Ne7 34. Rxh7+ Kg6 35. R1h6+ Kf5 36. Rxf7+ Kxe5 37. Rhh7 Kd6 38. Bf4+ Kc6 39. Rxe7 Rxe7 40. Rxe7 Rf8 41. Rxe6+ Kd5 42. Rf6 Re8 43. Kd3 c4+ 44. bxc4+ Kc5 45. Be3+ 1-0


[Site "https://www.chess.com"]

[Event "Titled Tuesday Blitz December 20 Early 2022"]
[White "Larochelle, Martial"]
[Black "milovichalex"]
[WhiteFideId "2016311"]
[WhiteElo "2039"]
[BlackElo "2303"]
[Result "1-0"]
[Round "03"]
[TimeControl "180+2"]
[Date "2022.12.20"]
[WhiteClock "0:00:25"]
[BlackClock "0:01:07"]

1. d4 Nf6 2. c4 e6 3. g3 d5 4. Nf3 c6 5. Bg2 Nbd7 6. O-O Be7 7. Nc3 O-O 8. Qc2 b6 9. Nd2 Ba6 10. b3 Rc8 11. e4 dxe4 12. Ndxe4 Nxe4 13. Nxe4 c5 14. Bb2 cxd4 15. Bxd4 Nf6 16. Rfd1 Qc7 17. Nxf6+ Bxf6 18. Bxf6 gxf6 19. Rd4 f5 20. Rad1 Rfd8 21. Qd2 Rxd4 22. Qxd4 Bb7 23. h4 Bxg2 24. Kxg2 Qc6+ 25. Kg1 Qf3 26. Rd3 Qe2 27. Re3 Qxa2 28. h5 h6 29. Qf6 b5 30. Qxh6 Qa1+ 31. Kg2 bxc4 32. bxc4 Rxc4 33. Rxe6 Qa4 34. Qg5+ Kf8 35. Qd8+ Kg7 36. Qf6+ Kg8 37. Rd6 Rc8 38. Qxf5 Qc2 39. Rd8+ Kg7 40. Qg4+ Kh7 41. Rxc8 1-0


[Site "https://www.chess.com"]

[Event "Titled Tuesday Blitz December 20 Early 2022"]
[White "Leon-Black"]
[Black "Anata, Choudhury"]
[BlackFideId "10215026"]
[WhiteElo "2634"]
[BlackElo "2172"]
[Result "1-0"]
[Round "03"]
[TimeControl "180+2"]
[Date "2022.12.20"]
[WhiteClock "0:00:20"]
[BlackClock "0:00:03"]

1. e4 e5 2. Nf3 Nc6 3. Bc4 Bc5 4. c3 Nf6 5. d3 d6 6. Bb3 O-O 7. O-O a5 8. h3 h6 9. Re1 Be6 10. Bc2 Bb6 11. Nbd2 Qb8 12. Nf1 Qa7 13. Qe2 a4 14. Ng3 Rfe8 15. Nh4 d5 16. Nhf5 d4 17. a3 Na5 18. Qf3 Nh7 19. Qg4 g6 20. Nxh6+ Kf8 21. Nhf5 dxc3 22. Qh4 gxf5 23. Bh6+ Kg8 24. exf5 Bxf2+ 25. Kh1 Bxf5 26. Re2 cxb2 27. Rf1 Bxg3 28. Qxg3+ Bg6 29. d4 Qb6 30. Ref2 Kh8 31. Rxf7 Rg8 32. Qxe5+ Nf6 33. R7xf6 1-0


[Site "https://www.chess.com"]

[Event "Titled Tuesday Blitz December 20 Early 2022"]
[White "Levanovsky, Vladimir"]
[Black "Cepo, Toni"]
[WhiteFideId "24119784"]
[BlackFideId "4675916"]
[WhiteElo "1869"]
[BlackElo "2145"]
[Result "1-0"]
[Round "03"]
[TimeControl "180+2"]
[Date "2022.12.20"]
[WhiteClock "0:00:36"]
[BlackClock "0:00:21"]

1. e4 e5 2. Nf3 Nf6 3. Nxe5 d6 4. Nf3 Nxe4 5. Qe2 Qe7 6. d3 Nf6 7. Nc3 c6 8. Bg5 Qxe2+ 9. Bxe2 Be7 10. O-O-O Be6 11. Rhe1 Nbd7 12. d4 O-O-O 13. a4 Rde8 14. Bd3 h6 15. Bf4 Nd5 16. Nxd5 Bxd5 17. c4 Bxf3 18. gxf3 g6 19. a5 Bg5 20. Be3 Nf6 21. f4 Bh4 22. f5 g5 23. a6 Ng4 24. axb7+ Kxb7 25. Rd2 Nxe3 26. Rxe3 g4 27. Rde2 Bg5 28. Kc2 Bxe3 29. fxe3 h5 30. e4 f6 31. b4 h4 32. Kd2 Reg8 33. Ke3 g3 34. Kf3 gxh2 35. Rxh2 Rg3+ 36. Ke2 h3 37. c5 dxc5 38. bxc5 Rg2+ 39. Rxg2 hxg2 40. Kf2 Rg8 41. Kg1 Rg3 42. Bc4 a5 43. e5 fxe5 44. dxe5 a4 45. e6 Re3 46. f6 Rf3 47. e7 1-0


[Site "https://www.chess.com"]

[Event "Titled Tuesday Blitz December 20 Early 2022"]
[White "Liaqat, Ali ISB"]
[Black "Roman_Ovetchkin"]
[WhiteFideId "7807058"]
[WhiteElo "1927"]
[BlackElo "2702"]
[Result "1-0"]
[Round "03"]
[TimeControl "180+2"]
[Date "2022.12.20"]
[WhiteClock "0:03:07"]
[BlackClock "0:00:59"]

1. d4 Nf6 2. c4 g6 3. Nc3 Bg7 4. e4 d6 5. Nf3 O-O 6. Be2 e5 7. Be3 exd4 8. Nxd4 Re8 9. f3 c6 10. Qd2 d5 11. exd5 cxd5 12. O-O Nc6 13. Rad1 Nxd4 14. Bxd4 dxc4 15. Bxc4 Be6 16. Bb5 Re7 17. Qf2 Qa5 18. Qh4 1-0


[Site "https://www.chess.com"]

[Event "Titled Tuesday Blitz December 20 Early 2022"]
[White "Linhart, Wolfgang"]
[Black "Lion-Al-Messi"]
[WhiteFideId "4636244"]
[WhiteElo "2114"]
[BlackElo "2520"]
[Result "1-0"]
[Round "03"]
[TimeControl "180+2"]
[Date "2022.12.20"]
[WhiteClock "0:01:03"]
[BlackClock "0:01:21"]

1. e4 c5 2. c3 d5 3. exd5 Qxd5 4. d4 cxd4 5. cxd4 Nc6 6. Nf3 Bg4 7. Nc3 Bxf3 8. Nxd5 Bxd1 9. Nc7+ Kd7 10. Nxa8 Bg4 11. f3 Bf5 12. Bf4 Nf6 13. Nc7 Nh5 14. Nd5 e6 15. g4 Nxd4 16. O-O-O Bc5 17. Be3 Rc8 18. Nc3 e5 19. gxf5 Ke7 20. Kb1 Nf4 21. Bxf4 exf4 22. Nd5+ Kf8 23. Nxf4 Nxf5 24. Bh3 Be3 25. Bxf5 Rc5 26. Nd5 g6 27. Nxe3 1-0


[Site "https://www.chess.com"]